 Dungeon Crawl Stone Soup version 0.30-a0-630-g881e3bac89 (webtiles) character file.

Game seed: 8381666601461177227

14148 Citaku the Protected (level 11, -1/99 HPs)
             Began as a Minotaur Fighter on Jan 13, 2023.
             Was an Initiate of Gozag.
             Slain by a dire elephant simulacrum (33 damage)
             ... in an ice cave.
             The game lasted 00:18:01 (10555 turns).

Citaku the Protected (Minotaur Fighter)            Turns: 10555, Time: 00:18:02

Health: -1/99      AC: 29    Str: 24    XL:     11   Next: 84%
Magic:  0/10       EV:  7    Int: 11    God:    Gozag
Gold:   1328       SH:  7    Dex: 15    Spells: 10/10 levels left

rFire   + . .      SeeInvis .    s - +3 war axe (heavy)
rCold   . . .      Faith    .    c - +0 buckler
rNeg    . . .      Spirit   +    m - +2 plate armour {rF+}
rPois   +          Reflect  .    (helmet restricted)
rElec   .          Harm     .    p - +0 cloak
rCorr   .          Rampage  .    u - +0 pair of gloves
Will    .....                    (no boots) Stlth
                                 n - amulet of guardian spirit
HPRegen 0.36/turn                D - ring "Datuoch" {rPois AC+4 Int+6 Dex+4}
MPRegen 0.12/turn                y - +4 ring of protection

@: gold aura
A: horns 2, retaliatory headbutt
a: Renounce Religion, Potion Petition, Call Merchant, Bribe Branch


You were in an ice cave.
You worshipped Gozag.
Gozag was most pleased with you.
You visited 2 branches of the dungeon, and saw 12 of its levels.
You also visited: Ice Cave.

You collected 1457 gold pieces.
You paid 129 gold pieces to Gozag.

Inventory:

Hand Weapons
 s - a +3 heavy war axe (weapon)
Missiles
 x - 2 throwing nets (quivered)
Armour
 c - a +0 buckler (worn)
 m - a +2 plate armour of fire resistance (worn)
 p - a +0 cloak (worn)
 u - a +0 pair of gloves (worn)
Jewellery
 n - an amulet of guardian spirit (around neck)
 y - a +4 ring of protection (right hand)
 D - the ring "Datuoch" (left hand) {rPois AC+4 Int+6 Dex+4}
   (You found it on level 5 of the Dungeon)

   [ring of protection]

   AC:        It affects your AC (+4).
   Int:       It affects your intelligence (+6).
   Dex:       It affects your dexterity (+4).
   rPois:     It protects you from poison.
Wands
 a - a wand of paralysis (28)
 i - a wand of quicksilver (1)
 r - a wand of polymorph (5)
 A - a wand of flame (16)
 F - a wand of iceblast (28)
Scrolls
 b - a scroll of fog
 e - 4 scrolls of teleportation
 g - 3 scrolls of identify
 k - 5 scrolls of enchant armour
 l - a scroll of blinking
Potions
 d - 2 potions of might
 f - a potion of cancellation
 h - 3 potions of lignification
 j - 5 potions of heal wounds
 o - 6 potions of curing
 q - 2 potions of brilliance
 t - a potion of invisibility {unknown}
 v - 2 potions of haste
 C - a potion of ambrosia
 G - a potion of flight


   Skills:
 + Level 10.1 Fighting
 * Level 13.5 Axes
 * Level 13.7 Armour
 + Level 10.2 Shields


You had 10 spell levels left.
You didn't know any spells.
Your spell library contained the following spells:

 Spells                   Type           Power      Damage    Failure   Level
 Ensorcelled Hibernation  Hex/Ice        0%         N/A       99%         2
 Portal Projectile        Hex/Tloc       0%         N/A       100%        3
 Spider Form              Tmut/Pois      0%         N/A       100%        3
 Tukima's Dance           Hex            0%         N/A       100%        3
 Anguish                  Hex/Necr       0%         N/A       100%        4
 Manifold Assault         Tloc           0%         N/A       100%        4
 Blade Hands              Tmut           0%         N/A       100%        5
 Yara's Violent Unravell  Hex/Tmut       0%         3d3       100%        5
 Dispersal                Tloc           0%         N/A       100%        6
 Enfeeble                 Hex            0%         N/A       100%        7
 Disjunction              Tloc           0%         N/A       100%        8


Dungeon Overview and Level Annotations

Branches:
Dungeon (11/15)            Temple (1/1) D:5            Lair (0/5) D:11
    Orc (0/2) D:10          IceCv (1/1)

Altars:
Ashenzari
Cheibriados
Dithmenos
Elyvilon
Fedhas
Gozag
Hepliaklqana
Kikubaaqudgha
Makhleb
Nemelex Xobeh
Okawaru
Qazlal
Ru
Sif Muna
Trog
Uskayaw
Vehumet
Wu Jian
Xom
Yredelemnul
Zin
The Shining One

Shops:
D:10 *


Innate Abilities, Weirdness & Mutations

You have a pair of horns on your head.
You reflexively headbutt those who attack you in melee.


Message History

The harpy simulacrum claws you but does no damage. x2
You block the dire elephant simulacrum's attack.
The dire elephant simulacrum trunk-slaps you but does no damage.
You hit the dire elephant simulacrum but do no damage.
You slice the harpy simulacrum!!
The harpy simulacrum vaporises!
The dire elephant simulacrum tramples you but does no damage.
The dire elephant simulacrum trunk-slaps you but does no damage.
You hit the dire elephant simulacrum.
You headbutt the dire elephant simulacrum.
The dire elephant simulacrum is moderately damaged.
You hack one of the three-headed hydra simulacrum's heads off!
You slash the two-headed hydra simulacrum!
The two-headed hydra simulacrum barely misses you.
The two-headed hydra simulacrum bites you!
The two-headed hydra simulacrum freezes you!!!
The dire elephant simulacrum tramples you.
You hold your ground!
The dire elephant simulacrum trunk-slaps you but does no damage.
You hit the dire elephant simulacrum but do no damage.
The dire elephant simulacrum is moderately damaged.
You lop one of the two-headed hydra simulacrum's heads off!
You slash the one-headed hydra simulacrum!
The one-headed hydra simulacrum bites you but does no damage.
The dire elephant simulacrum barely misses you. x2
You slice the dire elephant simulacrum!!
You headbutt the dire elephant simulacrum, but do no damage.
The dire elephant simulacrum is severely damaged.
You hack the one-headed hydra simulacrum's last head off!
The one-headed hydra simulacrum vaporises!
The dire elephant simulacrum tramples you.
You hold your ground!
You block the dire elephant simulacrum's attack.
You hit the dire elephant simulacrum but do no damage.
The dire elephant simulacrum is severely damaged.
The dire elephant simulacrum tramples you but does no damage.
The dire elephant simulacrum trunk-slaps you.
The dire elephant simulacrum freezes you!!!
You die...
Your body crumbles into a pile of gold.

#.#○###...#
##.#####..##
#...###..##
##......##
#..#....#
#..###.##
#.## ###
#..##.##
##@Z...#
##$..⌠..#
###..#. .# #


You could see a dire elephant simulacrum.

Vanquished Creatures
  Erolcha (D:11)
  A two-headed ogre (D:10)
  Urug (D:11)
  An ugly thing (D:8)
  A cyclops (D:8)
  A gargoyle (D:8)
  Psyche (D:9)
  An unseen horror (D:11)
  2 rime drakes (D:11)
  Maggie (D:6)
  A merfolk (D:9)
  3 trolls
  A hornet (D:9)
  11 yaks
  5 slime creatures (D:10)
  A wraith (D:8)
  2 vampires
  A shadow (D:10)
  2 wyverns (D:9)
  A steam dragon (D:8)
  Menkaure (D:6)
  A harpy simulacrum (IceCv)
  3 acid dragons
  A water moccasin (D:6)
  A hydra simulacrum (IceCv)
  6 black bears
  4 orc warriors
  4 ice beasts
  2 sky beasts (D:7)
  3 ogres
  2 phantoms
  7 centaurs
  7 scorpions
  4 necrophages
  4 bullfrogs
  3 gnoll sergeants
  2 two-headed ogre simulacra (IceCv)
  A cane toad simulacrum (IceCv)
  6 wights
  3 howler monkeys
  3 hounds
  Crazy Yiuf (D:2)
  2 orc priests
  3 jellies
  An iguana (D:6)
  Natasha (D:2)
  Terence (D:2)
  3 orc wizards
  4 troll simulacra (IceCv)
  17 gnolls
  7 adders
  A shadow imp (D:5)
  5 white imps
  An ufetubus (D:4)
  4 dart slugs
  28 orcs
  5 endoplasms
  4 giant cockroaches
  9 goblins
  A hobgoblin (D:4)
  9 jackals
  6 quokkas
  3 ball pythons
  8 bats
  A frilled lizard (D:1)
  8 kobolds
  2 rats
242 creatures vanquished.

Vanquished Creatures (others)
  9 fungi (D:11)
  9 plants (D:11)
18 creatures vanquished.

Grand Total: 260 creatures vanquished

Notes
Turn   | Place    | Note
-------+----------+-------------------------------------------
     0 | D:1      | Citaku the Minotaur Fighter began the quest for the Orb.
     0 | D:1      | Reached XP level 1. HP: 19/19 MP: 0/0
   151 | D:1      | Reached XP level 2. HP: 27/27 MP: 1/1
   802 | D:2      | Reached XP level 3. HP: 33/33 MP: 2/2
   865 | D:2      | Noticed Natasha
   872 | D:2      | Killed Natasha
   873 | D:2      | Reached XP level 4. HP: 39/40 MP: 3/3
   926 | D:2      | Noticed Terence
   936 | D:2      | Killed Terence
   986 | D:2      | Found a runed translucent door.
   987 | D:2      | Noticed Crazy Yiuf
   993 | D:2      | Killed Crazy Yiuf
  1311 | D:2      | Found a faded altar of an unknown god.
  1445 | D:3      | Reached XP level 5. HP: 34/47 MP: 4/4
  1763 | D:3      | Reached skill level 5 in Armour
  1902 | D:3      | Found a basalt altar of Yredelemnul.
  2038 | D:4      | Noticed an ogre
  2038 | D:4      | Noticed a phantom
  2049 | D:4      | Killed an ogre
  2054 | D:4      | Killed a phantom
  2055 | D:4      | Reached skill level 5 in Axes
  2055 | D:4      | Reached XP level 6. HP: 18/53 MP: 1/5
  2184 | D:4      | You fall into a shaft and drop 2 floors!
  2200 | D:6      | Reached skill level 5 in Shields
  2261 | D:6      | Noticed a water moccasin
  2267 | D:6      | Noticed Menkaure
  2273 | D:6      | Killed a water moccasin
  2274 | D:6      | Reached skill level 5 in Fighting
  2274 | D:6      | Reached XP level 7. HP: 37/61 MP: 3/6
  2279 | D:6      | HP: 3/61 [Menkaure (11)]
  2280 | D:6      | Killed Menkaure
  2538 | D:6      | Found a glowing golden altar of the Shining One.
  2843 | D:6      | Reached XP level 8. HP: 60/70 MP: 5/7
  3175 | D:6      | Noticed Maggie
  3188 | D:6      | Killed Maggie
  3762 | D:5      | Entered Level 5 of the Dungeon
  3886 | D:5      | Found a staircase to the Ecumenical Temple.
  3898 | D:5      | Reached XP level 9. HP: 78/78 MP: 6/8
  3901 | Temple   | Entered the Ecumenical Temple
  4548 | D:5      | Found a shadowy altar of Dithmenos.
  4641 | D:5      | Identified the ring "Datuoch" {rPois AC+4 Int+6 Dex+4}
  5591 | D:7      | Found a sacrificial altar of Ru.
  6159 | D:8      | Found a glowing silver altar of Zin.
  6168 | D:8      | Reached skill level 10 in Axes
  6168 | D:8      | Reached skill level 10 in Armour
  6376 | D:8      | Reached XP level 10. HP: 72/88 MP: 7/9
  6382 | D:8      | Found a bloodstained altar of Trog.
  6588 | D:8      | Found an opulent altar of Gozag.
  6640 | D:8      | Became a worshipper of Gozag Ym Sagoz the Greedy
  6812 | D:8      | Found an ornate altar of the Wu Jian Council.
  6934 | D:8      | Noticed a red ugly thing
  6940 | D:8      | Killed a red ugly thing
  6940 | D:8      | Noticed a gargoyle
  6944 | D:8      | Noticed a cyclops
  6949 | D:8      | Killed a gargoyle
  6953 | D:8      | Killed a cyclops
  7659 | D:9      | Noticed Psyche
  7667 | D:9      | Killed Psyche
  8366 | D:10     | Entered Level 10 of the Dungeon
  8381 | D:10     | Reached XP level 11. HP: 97/97 MP: 10/10
  8863 | D:10     | Noticed a two-headed ogre
  8896 | D:10     | Killed a two-headed ogre
  9227 | D:10     | Found a staircase to the Orcish Mines.
  9482 | D:10     | Found Ijefaplu's Changing Room.
  9659 | D:11     | Noticed Erolcha
  9662 | D:11     | Killed Erolcha
  9684 | D:11     | Noticed Urug
  9699 | D:11     | Killed Urug
  9705 | D:10     | HP: 3/93 [vampire/vampiric draining (18)]
  9881 | D:11     | Reached skill level 10 in Shields
 10065 | D:11     | Found a staircase to the Lair.
 10124 | D:11     | Found a frozen archway.
 10127 | D:11     | Reached skill level 10 in Fighting
 10142 | IceCv    | Entered an ice cave
 10555 | IceCv    | Slain by a dire elephant simulacrum

Illustrated notes

Levels and vault maps discovered:
D:1:      dpeg_arrival_radiant, layout_loops_ring
D:2:      layout_rooms, shapermc_ecumenical_altar_hornbeckon,
          uniq_crazy_yiuf_cottage, uniq_terence, uniq_natasha
D:3:      layout_rooms, lemuel_doored_altar, lightli_corner_chamber
D:4:      layout_basic, kennysheep_generic_room_6
D:5:      layout_basic, nicolae_dithmenos_through_a_glass_darkly,
          minmay_temple_entry_fiery
D:6:      layout_loops_cross, tso_altar, minmay_misc_feat_cross,
          small_statue_alley_b, uniq_menkaure, uniq_maggie
D:7:      layout_basic, lemuel_tele_altar
D:8:      minmay_chambers_of_sevens, layout_rooms, grunt_gozag_breadcrumbs,
          mainiacjoe_overflow_brackets, zin_academy, nzn_wu_jian_contemplation,
          serial_park_tiny_1
D:9:      layout_small_grid, chequers_serial_rivers_micro_d,
          hangedman_fish_farm, uniq_psyche
D:10:     layout_loops_ring, orc_0_dummy, nicolae_transmutations_shop,
          chequers_jeans, minmay_quadrilaterals
D:11:     layout_rooms, grunt_lair_entry_orc_guard_hut, portal_ice_cave_rime,
          serial_shops, bzr_entry_dummy, uniq_erolcha, uniq_urug
Temple:   nicolae_temple_bog_church
IceCv:    ice_cave_caverns_02

Skill      XL: |  1  2  3  4  5  6  7  8  9 10 11 |
---------------+----------------------------------+-----
Armour         | 4 5 6 7 8 10 12 13 | 13.7
Axes           | 3 4 5 6 8 10 12 13 | 13.5
Shields        | 4 5 6 7 9 10 | 10.2
Fighting       | 4 5 6 7 9 10 | 10.1

Action                   |  1- 3 |  4- 6 |  7- 9 | 10-12 || total
-------------------------+-------+-------+-------+-------++-------
Melee: War axe           |    50 |    60 |    57 |   192 ||   359
       Headbutt          |     7 |    11 |    48 |    44 ||   110
       Hand axe          |       |    19 |   186 |       ||   205
  Use: Potion            |       |     1 |     1 |     4 ||     6
       Scroll            |       |       |       |    27 ||    27
 Stab: Distracted        |       |       |       |     4 ||     4
Armor: Scale mail        |    54 |    70 |   167 |    59 ||   350
       Plate armour      |       |       |       |   137 ||   137
Dodge: Dodged            |    42 |    47 |   118 |    82 ||   289
Block: Buckler           |    21 |    32 |    74 |    69 ||   196

Table legend: (Time is in decaauts)
 A = Elapsed time spent in this place.
 B = Non-inter-level travel time spent in this place.
 C = Inter-level travel time spent in this place.
 D = Time resting spent in this place.
 E = Time spent auto-exploring this place.
 F = Levels seen in this place.
 G = Mean time per level.
                   A        B        C        D        E       F      G
               +--------+--------+--------+--------+--------+-----+--------+
         Total |  10727 |  10244 |    483 |   1120 |   6841 |  13 |  825.2 |
       Dungeon |  10022 |   9539 |    483 |    808 |   6608 |  11 |  911.1 |
        Temple |    288 |    288 |      0 |      0 |    162 |   1 |  288.0 |
      Ice Cave |    416 |    416 |      0 |    312 |     71 |   1 |  416.0 |
               +--------+--------+--------+--------+--------+-----+--------+

Top non-repeatable levels by time:
     D:6: 1440 daAuts
     D:8: 1270 daAuts
    D:10: 1239 daAuts
     D:9: 1075 daAuts
     D:4: 886 daAuts
     D:7: 862 daAuts
     D:5: 852 daAuts
     D:1: 777 daAuts
     D:2: 708 daAuts
     D:3: 589 daAuts
   IceCv: 416 daAuts
    D:11: 320 daAuts
  Temple: 288 daAuts
